 Dungeon Crawl Stone Soup version 0.18-a0-750-g37044d6 (webtiles) character file.

232 gorblad the Skirmisher (level 5, -2/42 HPs)
             Began as a Demonspawn Abyssal Knight on Dec 11, 2015.
             Was a Priest of Lugonu.
             Slain by an ogre
             ... wielding a +0 giant club
              (19 damage)
             ... on level 4 of the Dungeon.
             The game lasted 00:19:45 (3619 turns).

gorblad the Skirmisher (Demonspawn Abyssal Knight)  Turns: 3619, Time: 00:19:45

Health: -2/42      AC: 12    Str: 13    XL:     5   Next: 73%
Magic:  6/6        EV:  6    Int: 14    God:    Lugonu [***...]
Gold:   142        SH:  0    Dex: 14    Spells: 0 memorised, 4 levels left

rFire  + . .     SeeInvis +     a - +2 falchion
rCold  . . .     Clarity  .     k - +2 chain mail {rF+}
rNeg   . . .     SustAt   .     (no shield)
rPois  .         Gourm    .     v - +0 hat
rElec  .         Spirit   .     (no cloak)
rCorr  .         Dismiss  .     d - +0 pair of gloves
rMut   .         Stasis   .     (no boots)
MR     .....                    (no amulet)
Stlth  ..........               s - ring of see invisible
                                o - +2 ring of dexterity

@: lethally poisoned (-2 -> -5), not resistant to hostile enchantments,
extremely unstealthy
A: horns 1, demonic guardian 1
a: Depart the Abyss, Bend Space, Banish, Renounce Religion


You were on level 4 of the Dungeon.
You worshipped Lugonu.
Lugonu was most pleased with you.
You were not hungry.

You visited 1 branch of the dungeon, and saw 4 of its levels.
You visited the Abyss 1 time.

You collected 142 gold pieces.

Inventory:

Hand Weapons
 a - a +2 falchion (weapon)
Missiles
 g - 8 javelins of penetration (quivered)
 h - 99 stones
 l - 26 bolts
Armour
 b - a +0 leather armour
 d - a +0 pair of gloves (worn)
 k - a +2 chain mail of fire resistance (worn)
 m - a +0 chain mail
 v - a +0 hat (worn)
Jewellery
 o - a +2 ring of dexterity (left hand)
 s - a ring of see invisible (right hand)
Scrolls
 n - 2 scrolls of recharging
 q - a scroll of teleportation
 r - 4 scrolls of remove curse
 u - a scroll of identify
Potions
 e - a potion of curing
 i - 3 potions of brilliance
 t - 2 potions of haste {unknown}
Comestibles
 c - 3 bread rations
 f - 2 meat rations
 j - 3 chunks of flesh
 p - a beef jerky


   Skills:
 + Level 3.9 Fighting
 * Level 3.1 Long Blades
 * Level 3.2 Armour
 * Level 2.6 Dodging
 - Level 2.6 Invocations


You had 4 spell levels left.
You didn't know any spells.

Dungeon Overview and Level Annotations

Branches:
Dungeon (4/15)
 Temple: D:4-7

Altars:
Cheibriados
Sif Muna
The Shining One

Annotations:
D:4 Dowan, Duvessa


Innate Abilities, Weirdness & Mutations

You have a pair of small horns on your head.
A weak demonic guardian rushes to your aid.


Message History

Duvessa is moderately wounded.
You feel sick. The adder bites you.
Your quasit closely misses Duvessa.
Your quasit barely misses Duvessa.
Your quasit claws Duvessa but does no damage.
Duvessa hits you with a short sword. The adder bites you but does no damage.
Dowan points at Duvessa and mumbles some strange words.
Duvessa seems to speed up.
The ogre hits you with a giant club!
Your quasit bites Duvessa but does no damage.
Your quasit barely misses Duvessa.
Your quasit completely misses Duvessa.
Duvessa hits you but does no damage.
You hit Duvessa but do no damage. You headbutt Duvessa.
Duvessa is moderately wounded.
You feel sick. The adder bites you but does no damage.
Duvessa hits you but does no damage.
Your quasit bites Duvessa but does no damage.
Your quasit claws Duvessa but does no damage.
Your quasit barely misses Duvessa.
Dowan says, "My weaknesses are her strengths!"
Dowan closely misses you. The ogre hits you with a giant club!!
You die...

.... .. ...
#.. ..# #.#
..## ##..#
...
......##.#
##....#%.#
#.....Oe##
...###S@.#
#.5e.#
..#....#
##....#...
#$...####.#
#.#..$ .
.##.. ..
..#


You could see Duvessa, an ogre, Dowan, an adder and a friendly quasit.

Vanquished Creatures
  A scorpion (D:3)
  An iguana (D:4)
  7 adders
  2 oozes (D:1)
  2 worms (D:3)
  A giant gecko (D:1)
  6 orcs (D:3)
  2 ball pythons
  4 bats
  4 giant cockroaches
  9 hobgoblins
  A quokka (D:2)
  8 giant newts
  9 goblins
  7 jackals
  7 kobolds
  11 rats
  A plant (D:3)
83 creatures vanquished.

Vanquished Creatures (collateral kills)
  A jackal (D:4)
1 creature vanquished.

Grand Total: 84 creatures vanquished

Notes
Turn   | Place    | Note
--------------------------------------------------------------
     0 | Abyss:1  | gorblad the Demonspawn Abyssal Knight began the quest for the Orb.
     0 | Abyss:1  | Reached XP level 1. HP: 18/18 MP: 2/2
    11 | D:1      | Escaped the Abyss
   323 | D:1      | Gained mutation: You have a pair of small horns on your head. [demonic ancestry]
   323 | D:1      | Reached XP level 2. HP: 24/24 MP: 3/3
   624 | D:1      | Reached skill level 1 in Dodging
   636 | D:1      | Reached ** piety under Lugonu
   807 | D:1      | Reached XP level 3. HP: 27/29 MP: 4/4
  2232 | D:3      | Reached XP level 4. HP: 35/35 MP: 5/5
  2311 | D:3      | Reached *** piety under Lugonu
  2340 | D:3      | Found a deep blue altar of Sif Muna.
  2409 | D:3      | Found a snail-covered altar of Cheibriados.
  2426 | D:3      | Gained mutation: A weak demonic guardian rushes to your aid. [demonic ancestry]
  2426 | D:3      | Reached XP level 5. HP: 19/42 MP: 6/6
  3368 | D:3      | Found a glowing golden altar of the Shining One.
  3585 | D:4      | Noticed Duvessa
  3588 | D:4      | Noticed Dowan
  3593 | D:4      | Noticed an ogre
  3619 | D:4      | Slain by an ogre

Vault maps used:
D:1:      dpeg_arrival_short_road
D:3:      overflow_temple_1_default, old_standard_altar, lemuel_doored_altar,
          serial_forest, infiniplex_forest_clump_C,
          infiniplex_forest_straight_4, infiniplex_forest_zigzag_2,
          infiniplex_forest_clump_medium, infiniplex_forest_clump_long,
          infiniplex_forest_clump_curved, infiniplex_forest_lined_room_2,
          infiniplex_forest_straight_4, infiniplex_forest_clump_double
D:4:      fedhas_altar_fruit_tree, uniq_duvessa
Abyss:1:  evilmike_abyss_exit_chaos

Action                   |  1- 3 |  4- 6 || total
-------------------------+-------+-------++-------
Melee: Falchion          |    91 |   193 ||   284
Throw: Javelin           |     2 |       ||     2
  Use: Scroll            |     8 |     1 ||     9
       Potion            |       |     3 ||     3
 Stab: Sleeping          |     1 |       ||     1
  Eat: Chunk             |     4 |     5 ||     9
